AoeStats
← ImTeso24TTV

Arabian Desert

510891788Analyzed
1v1 RM · 8h ago on Oct 3, 2026· 67m 16s· 2 players
Game mode
Random Map
Map size
Tiny (2 player)
Population
200
Speed
Normal
Resources
Standard
Victory
Conquest
Starting age
Dark Age
Ending age
Imperial Age
RankedLock teamsTeams togetherTeam positionsShared explorationLock speedFull tech treeHidden civsTurbo modeCheats
Victory
Defeat
🇦🇺 Burgundians · Australia
1267
+18
🇨🇴 Varangians · Colombia
1302
-18
ImTeso24TTV
5:58 Loom
6:33 Loom
8:51 Feudal Age
9:29 Double-Bit Axe
9:57 Horse Collar
12:16 Fletching
15:44 Town Watch
20:13 Castle Age
18:24 Stone Mining
19:35 Scale Barding Armor
19:43 Forging
19:44 Gold Mining
21:22 Bloodlines
21:13 Husbandry
21:38 Bow Saw
22:04 Gold Mining
24:40 Town Watch
26:36 Wheelbarrow
30:18 Iron Casting
32:50 Chain Barding Armor
36:36 Imperial Age
34:32 Bodkin Arrow
35:26 Stone Shaft Mining
35:51 Padded Archer Armor
38:21 Chemistry
38:01 Plate Barding Armor
38:27 Blast Furnace
37:12 Elite Jarl
38:30 Conscription
39:19 Conscription
39:45 Hand Cart
41:42 Ballistics
42:32 Masonry
46:43 Town Watch
58:17 Guilds
57:46 Light Cavalry
61:11 Bracer
NAB
7:23 Loom
9:42 Feudal Age
8:08 Double-Bit Axe
8:30 Horse Collar
11:47 Bow Saw
19:08 Wheelbarrow
21:36 Castle Age
19:46 Heavy Plow
20:56 Forging
20:51 Scale Barding Armor
21:22 Gold Mining
22:24 Cavalier
25:49 Chain Barding Armor
26:43 Iron Casting
26:12 Husbandry
29:28 Hand Cart
30:53 Sanctity
34:18 Imperial Age
35:01 Gold Shaft Mining
36:13 Paladin
37:37 Plate Barding Armor
40:04 Town Watch
49:23 Conscription
48:31 Elite Coustillier
50:21 Burgundian Vineyards
53:22 Blast Furnace
53:14 Block Printing
57:39 Fletching
57:50 Padded Archer Armor
58:35 Elite Skirmisher
60:00 Leather Archer Armor
59:41 Bodkin Arrow
60:26 Ballistics
61:06 Chemistry
61:20 Bracer
Connection lost

Rejoining the realm…

Still unreachable

The connection could not be restored.

Session expired

The server has moved on; the page needs a fresh start.